Description

6 Banshees. Watch out for supply blocks, secure watchtowers, and maintain constant tank production. As soon as you have the Armory, start researching +1/+1 and then +2 upgrades — a Zerg without tech units will struggle to counter this. After the fourth base (around minute 8 or 9), build a second Starport and always place Missile Turrets, prioritizing armor upgrades first and range upgrades second. The early Hellions must deny creep, and at minute 9, launch a full attack.

Build Order

Get SALT Encoding   

  14  0:17  Supply Depot  
  15  0:27  Refinery  
  16  0:44   Barracks  
  20  1:31  Reaper  
  20  1:45  Command Center  
  21  1:52  Factory  
  22  2:06   Barracks Reactor  
  22  2:15  Supply Depot  
  23  2:20  Refinery  
  24  2:46  Starport  
  28  2:49  Hellion x2  
  29  2:52  Barracks Tech Lab  
  34  3:12  Hellion x2  
  39  3:32  Viking  
  39  3:34  Hellion x2  
  43  3:45  Supply Depot  
  45  3:50  Covert Banshee  
  46  4:00  Banshee  
  46  4:05  Supply Depot  
  50  4:15  Hellion x2  
  51  4:20  Supply Depot x2  
  57  4:34  Supply Depot  
  63  4:50  Banshee  
  63  5:00  Command Center  
  69  5:05  Hellion x2  
  70  5:10  Factory x2  
  71  5:15  Refinery x2  
  84  5:55  Armory x2, Engineering Bay  
  85  6:05  Factory x2  
  104  6:50  Refinery x2  
Spawning Tool Build Advisor. Get it on Overwolf

Go to:

Details

  • Created by: CapitanKara
  • Published on: Oct 25, 2025
  • Modified on: Oct 25, 2025
  • Patch: 5.0.11
  • Difficulty: Medium
Show
View Real Time Build Order
Export as new Build Order

Comments (0)

There are no comments. Be the first!

Create an account to comment!